 Dungeon Crawl Stone Soup version 0.20.0-4-g10b340a (webtiles) character file.

425 Iflex the Poker (level 6, 0/47 HPs)
             Began as a Demonspawn Gladiator on May 27, 2017.
             Slain by an orc priest
             ... wielding a +0 hand axe
              (6 damage)
             ... on level 4 of the Dungeon.
             The game lasted 00:11:22 (4050 turns).

Iflex the Poker (Demonspawn Gladiator)              Turns: 4050, Time: 00:11:23

Health: 0/47       AC:  7    Str: 15    XL:     6   Next: 64%
Magic:  2/2        EV: 14    Int:  9    God:
Gold:   276        SH:  0    Dex: 16    Spells: 5/5 levels left

rFire    . . .     SeeInvis .   q - +2 spear (antimagic)
rCold    + . .     Gourm    .   (no shield)
rNeg     . . .     Faith    .   b - +0 leather armour
rPois    +         Spirit   .   c - +0 helmet
rElec    .         Reflect  .   (no cloak)
rCorr    .         Harm     .   (no gloves)
MR       .....                  (no boots)
Stlth    ++........             (no amulet)
Regen    0.2/turn               e - ring of poison resistance
MPRegen  0.1/turn               (no ring)

@: no status effects
A: claws 1, yellow scales 2, blurry vision 1, cold resistance 1
a: no special abilities


You were on level 4 of the Dungeon.
You were not hungry.

You visited 1 branch of the dungeon, and saw 4 of its levels.

You collected 276 gold pieces.

Inventory:

Hand Weapons
 a - a +0 trident
 q - a +2 antimagic spear (weapon)
Missiles
 d - 2 throwing nets (quivered)
 u - 3 tomahawks
Armour
 b - a +0 leather armour (worn)
 c - a +0 helmet (worn)
Jewellery
 e - a ring of poison resistance (left claw)
 l - a +2 ring of dexterity {unknown}
Wands
 h - a wand of paralysis (0/24)
Scrolls
 i - a scroll of recharging {unknown}
 j - a scroll of remove curse
 k - a scroll of teleportation {unknown}
 m - 2 scrolls of identify {unknown}
 n - a scroll of blinking {unknown}
 s - 2 scrolls of amnesia {unknown}
 t - 2 scrolls of magic mapping {unknown}
 v - a scroll of enchant armour {unknown}
Potions
 p - a potion of degeneration
 r - a potion of heal wounds {unknown}
Books
 o - a book of Minor Magic

   Spells                             Type                      Level
   a - Magic Dart                     Conjuration                  1
   b - Blink                          Translocation                2
   c - Call Imp                       Summoning                    2
   d - Slow                           Hexes                        2
   e - Conjure Flame                  Conjuration/Fire             3
   f - Mephitic Cloud                 Conjuration/Poison/Air       3
Comestibles
 f - 2 bread rations
 g - 2 royal jellies
 w - 5 fruits
 x - 3 chunks of flesh


   Skills:
 + Level 3.1 Fighting
 + Level 4.8 Polearms
 + Level 2.0 Throwing
 + Level 2.1 Armour
 + Level 3.9 Dodging
 + Level 1.4 Stealth


You had 5 spell levels left.
You didn't know any spells.

Dungeon Overview and Level Annotations

Branches:
Dungeon (4/15)
 Temple: D:4-7

Altars:
Okawaru
Ru
Sif Muna
Trog


Innate Abilities, Weirdness & Mutations

You have sharp fingernails.
You are mostly covered in yellow scales. (AC +3)
Scrolls take you a little longer to read.
Your flesh is cold resistant. (rC+)


Message History

The orc wizard is almost dead.
The orc priest hits you with a hand axe!
The orc wizard closely misses you.
You hit the orc wizard.
You kill the orc wizard!
The orc priest barely misses you.
The orc priest mumbles some strange prayers to Beogh against you.
Beogh smites you!
* * * LOW HITPOINT WARNING * * *
Things that are here:
a dagger; a robe; an orc corpse You hit the orc priest.
The orc priest is lightly wounded.
The orc priest barely misses you.
You hit the orc priest.
The orc priest is moderately wounded.
You hit the orc priest.
The orc priest is heavily wounded.
The orc priest hits you with a hand axe.
You die...

... .#... ..... ....# ..# ....
..# # #.. #.# # ##### ###.# #.##
# ##...####.@o# #..### #
##.._..##...## #....### <.
#.......#..## #....... ...
#.......#..# ####....###
....#.8...8.#..## ####.....###
....##.....##...###........##
.....##...##.........####..>####
...................### ##[.....
........##.........## ##.....


You could see an orc priest.

Vanquished Creatures
  An eye of draining (D:4)
  A howler monkey (D:4)
  A hound (D:3)
  An orc wizard (D:4)
  Ijyb (D:3)
  A worker ant (D:4)
  A hound skeleton (D:3)
  3 adders
  2 oozes
  6 worms
  A dart slug (D:1)
  A leopard gecko (D:3)
  10 orcs
  A ball python (D:1)
  6 giant cockroaches
  14 goblins
  11 hobgoblins
  12 jackals
  6 kobolds
  2 quokkas (D:3)
  10 bats
  4 frilled lizards
  11 rats
107 creatures vanquished.

Notes
Turn   | Place    | Note
-------+----------+-------------------------------------------
     0 | D:1      | Iflex the Demonspawn Gladiator began the quest for the Orb.
     0 | D:1      | Reached XP level 1. HP: 16/16 MP: 1/1
   157 | D:1      | Gained mutation: You have sharp fingernails. [demonic ancestry]
   157 | D:1      | Reached XP level 2. HP: 15/22 MP: 2/2
   290 | D:1      | Reached skill level 3 in Polearms
   881 | D:1      | Gained mutation: You are partially covered in yellow scales. (AC +2) [demonic ancestry]
   881 | D:1      | Reached XP level 3. HP: 27/27 MP: 3/3
  1078 | D:2      | Found a sacrificial altar of Ru.
  1080 | D:2      | Found a deep blue altar of Sif Muna.
  1531 | D:2      | Reached skill level 1 in Armour
  1634 | D:2      | Gained mutation: You occasionally shout uncontrollably at your foes. [potion of mutation]
  1634 | D:2      | Gained mutation: You expend magic power (3 MP) to strengthen your wands. [potion of mutation]
  1634 | D:2      | Gained mutation: You have sharp toenails. [potion of mutation]
  1634 | D:2      | Gained mutation: You have an increased reservoir of magic. (+10% MP) [potion of mutation]
  1875 | D:2      | Reached XP level 4. HP: 34/34 MP: 4/4
  2270 | D:2      | Found an iron altar of Okawaru.
  2636 | D:3      | Reached skill level 1 in Stealth
  2730 | D:3      | Gained mutation: You are mostly covered in yellow scales. (AC +3) [demonic ancestry]
  2730 | D:3      | Reached XP level 5. HP: 39/39 MP: 5/5
  2803 | D:3      | Noticed Ijyb
  2811 | D:3      | Paralysed by Ijyb for 2 turns
  2827 | D:3      | Paralysed by Ijyb for 2 turns
  2830 | D:3      | Killed Ijyb
  2989 | D:3      | Lost mutation: You expend magic power (3 MP) to strengthen your wands. [potion of mutation]
  2989 | D:3      | Lost mutation: You have sharp toenails. [potion of mutation]
  2989 | D:3      | Lost mutation: You occasionally shout uncontrollably at your foes. [potion of mutation]
  2989 | D:3      | Lost mutation: You have an increased reservoir of magic. (+10% MP) [potion of mutation]
  2989 | D:3      | Gained mutation: Scrolls take you a little longer to read. [potion of mutation]
  2989 | D:3      | Gained mutation: Your flesh is cold resistant. (rC+) [potion of mutation]
  3184 | D:3      | Reached skill level 4 in Polearms
  3696 | D:4      | Noticed an eye of draining
  3736 | D:3      | Reached XP level 6. HP: 23/46 MP: 2/6
  3925 | D:4      | Found a bloodstained altar of Trog.
  4050 | D:4      | Slain by an orc priest

Skill      XL: |  1  2  3  4  5  6 |
---------------+-------------------+-----
Polearms       | 3 4 |  4.8
Throwing       | 2 |  2.0
Dodging        | 3 |  3.9
Armour         | 1 2 |  2.1
Stealth        | 1 |  1.4
Fighting       | 3 |  3.1

Action                   |  1- 3 |  4- 6 || total
-------------------------+-------+-------++-------
Melee: Trident           |   164 |   271 ||   435
       Kick              |       |    35 ||    35
       Spear             |       |    35 ||    35
Throw: Throwing net      |     2 |       ||     2
  Use: Potion            |     9 |     2 ||    11
       Scroll            |       |     1 ||     1
 Stab: Sleeping          |     4 |       ||     4
       Invisible         |     2 |       ||     2
  Eat: Chunk             |     2 |     5 ||     7
       Bread ration      |       |     1 ||     1
Armor: Leather armour    |    48 |    88 ||   136
       Skin              |     9 |       ||     9
Dodge: Dodged            |   107 |   200 ||   307
